 Dungeon Crawl Stone Soup version 0.30-a0-782-ge64f9170bb (webtiles) character file.

Game seed: 5164487691950245916

3481 Crownlay the Grappler (level 9, -3/89 HPs)
             Began as a Troll Fighter on Mar 8, 2023.
             Was a Believer of Wu Jian.
             Shot with an arrow by a centaur (6 damage)
             ... on level 7 of the Dungeon.
             The game lasted 00:21:02 (7123 turns).

Crownlay the Grappler (Troll Fighter)               Turns: 7123, Time: 00:21:03

Health: -3/89      AC:  7    Str: 26    XL:     9   Next: 79%
Magic:  8/8        EV:  9    Int:  8    God:    Wu Jian [**....]
Gold:   232        SH:  9    Dex:  9    Spells: 8/8 levels left

rFire   . . .      SeeInvis .      - Unarmed
rCold   . . .      Faith    .    b - +0 kite shield
rNeg    + . .      Spirit   .    c - +2 robe {rN+}
rPois   .          Reflect  .    (helmet restricted)
rElec   .          Harm     .    a - +0 cloak
rCorr   .          Rampage  .    (gloves unavailable)
Will    .....                    (boots unavailable)
Stlth   +                        (no amulet)
HPRegen 1.14/turn                (no ring)
MPRegen 0.11/turn                (no ring)

@: no status effects
A: large, unfitting armour, claws 3, regeneration 1, shaggy fur 1, tough skin 1
a: Renounce Religion, Wall Jump


You were on level 7 of the Dungeon.
You worshipped Wu Jian.
Wu Jian was pleased with you.
You visited 2 branches of the dungeon, and saw 8 of its levels.
You also visited: Sewer.

You collected 431 gold pieces.
You spent 199 gold pieces at shops.

Inventory:

Missiles
 t - 2 boomerangs (quivered)
Armour
 a - a +0 cloak (worn)
 b - a +0 kite shield (worn)
 c - a +2 robe of positive energy (worn)
Jewellery
 j - a ring of wizardry
 p - a ring of protection from fire
Scrolls
 f - a scroll of brand weapon
 h - 3 scrolls of teleportation
 k - 2 scrolls of fog
 l - 3 scrolls of poison
 m - 4 scrolls of amnesia
 n - 4 scrolls of vulnerability
 o - 4 scrolls of immolation
 q - 2 scrolls of fear
 w - a scroll of enchant armour {unknown}
Potions
 d - 2 potions of brilliance
 e - a potion of cancellation {unknown}
 g - 7 potions of curing
 s - a potion of attraction {unknown}
 u - a potion of magic {unknown}
 v - a potion of mutation {unknown}
 x - a potion of berserk rage {unknown}


   Skills:
 + Level 6.2 Fighting
 + Level 3.7 Dodging
 + Level 6.8 Shields
 * Level 9.9 Unarmed Combat


You had 8 spell levels left.
You didn't know any spells.
Your spell library contained the following spells:

 Spells                   Type           Power      Damage    Failure   Level
 Call Canine Familiar     Summ           0%         N/A       95%         3
 Portal Projectile        Hex/Tloc       0%         N/A       95%         3
 Leda's Liquefaction      Hex/Erth       0%         N/A       100%        4
 Conjure Ball Lightning   Conj/Air       0%         3x3d6     100%        6
 Discord                  Hex            0%         N/A       100%        8
 Disjunction              Tloc           0%         N/A       100%        8


Dungeon Overview and Level Annotations

Branches:
Dungeon (7/15)             Temple (1/1) D:5           Sewer (visited)

Altars:
Fedhas
Gozag
Kikubaaqudgha
Nemelex Xobeh
Okawaru
Qazlal
Ru
Sif Muna
Uskayaw
Vehumet
Wu Jian
Xom
Zin
The Shining One

Shops:
D:1 ?=   D:2 *


Innate Abilities, Weirdness & Mutations

You are too large for most types of armour.
You have claws for hands.
Your natural rate of healing is unusually fast.
You are covered in fur. (AC +1)
You have tough skin. (AC +1)


Message History

The sky beast hits you.
* * * LOW HITPOINT WARNING * * *
The sky beast shocks you.
* * * LOW HITPOINT WARNING * * *
You feel much better. The orc warrior completely misses you.
You block the sky beast's attack.
You scratch the sky beast.
You kill the sky beast!
The Council accepts your kill.
The centaur shoots an arrow.
The arrow hits you!
* * * LOW HITPOINT WARNING * * *
You block the orc warrior's attack.
You claw the jelly!
You kill the jelly!
The Council accepts your kill.
The centaur shoots an arrow.
The arrow hits you!
* * * LOW HITPOINT WARNING * * *
The orc warrior hits you from afar with a +0 halberd!
* * * LOW HITPOINT WARNING * * *
You feel much better.
The centaur shoots an arrow.
You block the arrow.
The centaur shoots an arrow.
The arrow hits you.
* * * LOW HITPOINT WARNING * * *
The orc warrior hits you from afar with a +0 halberd.
* * * LOW HITPOINT WARNING * * *
Aiming: Wall Jump
Press: ? - help, Dir - move target The centaur shoots an arrow.
The arrow hits you!
* * * LOW HITPOINT WARNING * * *
The centaur shoots an arrow.
The arrow hits you.
* * * LOW HITPOINT WARNING * * *
You see here a +2 whip of electrocution.
You aren't carrying any items that you can evoke.
Throw: throwing net
Press: ? - help, Shift-Dir - straight line, f - centaur
Aim: a centaur, wielding a +0 shortbow (69% to hit)
You throw a throwing net.
The throwing net closely misses the centaur.
The centaur shoots an arrow.
You block the arrow.
The centaur shoots an arrow.
The arrow hits you.
You die...

#..# ##....###
#..#############.......##
##.................#####.##
......†#####.##...##=..##.#
##.###†# #.###..#...?.#.#
#.###.## #......#~!...#.#
##.##...####..#'#.#..(.(#.#
......#......##.###co..##.#
...##...####.#[.@'.#####.##
######.## #.##(###+ #..## #.#
#..#### ##.# ## #.# #.....# #.#
.# #.# ##.....# #.# >#####.#
#...(..## ##.# .......#
#.#.....####..# .#######
#.#.(.#..[...##########
.##########.##...................


You could see an orc warrior and a centaur.

Vanquished Creatures
  Grinder (D:4)
  Prince Ribbit (D:7)
  Sigmund (D:5)
  A wyvern (D:7)
  A steam dragon (D:7)
  2 water moccasins
  Duvessa (D:4)
  2 ice beasts (D:6)
  3 sky beasts
  A centaur (D:7)
  2 phantoms (D:4)
  Blork the orc (D:5)
  A bullfrog (D:7)
  A necrophage (D:4)
  A gnoll sergeant (D:7)
  3 scorpions
  5 wights (D:6)
  Dowan (D:4)
  A howler monkey (D:5)
  A gnoll bouda (D:7)
  3 hounds
  3 orc priests
  5 jellies
  Crazy Yiuf (D:4)
  3 iguanas
  2 orc wizards (D:5)
  Natasha (thrice) (D:4)
  10 adders
  7 gnolls
  4 river rats (Sewer)
  2 shadow imps
  2 white imps
  2 worms
  3 dart slugs
  19 orcs
  11 endoplasms
  7 giant cockroaches
  8 goblins
  7 hobgoblins
  6 jackals
  8 quokkas
  13 ball pythons
  3 bats
  10 frilled lizards
  8 kobolds
  14 rats
195 creatures vanquished.

Vanquished Creatures (others)
  An orc wizard (D:3)
  13 plants (D:2)
14 creatures vanquished.

Grand Total: 209 creatures vanquished

Notes
Turn   | Place    | Note
-------+----------+-------------------------------------------
     0 | D:1      | Crownlay the Troll Fighter began the quest for the Orb.
     0 | D:1      | Reached XP level 1. HP: 22/22 MP: 0/0
    62 | D:1      | Found Neuteco's Jewellery Shop.
    92 | D:1      | Reached XP level 2. HP: 29/29 MP: 1/1
   496 | D:1      | Found Nonky's Magic Scroll Boutique.
   504 | D:1      | Bought a scroll of teleportation for 39 gold pieces
   504 | D:1      | Bought a scroll of identify for 26 gold pieces
   758 | D:2      | Found a faded altar of an unknown god.
   771 | D:2      | Reached skill level 3 in Unarmed Combat
   771 | D:2      | Reached XP level 3. HP: 31/36 MP: 2/2
  1151 | D:2      | Found Wechifa's Assorted Antiques.
  1155 | D:2      | Bought a pink potion for 25 gold pieces
  1155 | D:2      | Bought a scroll labelled URRUCWUAPP for 28 gold pieces
  1483 | D:2      | Reached XP level 4. HP: 44/44 MP: 3/3
  1521 | D:2      | Bought a scroll labelled HEIDWE CICE for 28 gold pieces
  1521 | D:2      | Bought a scroll labelled NUTIOD QUKU for 28 gold pieces
  1717 | D:3      | Noticed a water moccasin
  1743 | D:3      | Killed a water moccasin
  1744 | D:3      | Reached skill level 4 in Unarmed Combat
  1744 | D:3      | Reached XP level 5. HP: 31/53 MP: 4/4
  1749 | D:3      | Reached XP level 6. HP: 31/61 MP: 5/5
  1877 | D:3      | Found a hide-covered altar of Uskayaw.
  2269 | D:4      | Noticed Grinder
  2275 | D:4      | Killed Grinder
  2276 | D:4      | Reached skill level 5 in Unarmed Combat
  2276 | D:4      | Reached XP level 7. HP: 62/68 MP: 6/6
  2569 | D:4      | Reached skill level 6 in Unarmed Combat
  2603 | D:4      | Found a runed translucent door.
  2604 | D:4      | Noticed Crazy Yiuf
  2773 | D:4      | Noticed Duvessa
  2773 | D:4      | Noticed Dowan
  2781 | D:4      | Killed Duvessa
  2792 | D:4      | Killed Dowan
  2873 | D:4      | Noticed Natasha
  2879 | D:4      | Killed Natasha
  3141 | D:4      | Reached skill level 5 in Shields
  3141 | D:4      | Reached XP level 8. HP: 76/79 MP: 7/7
  3196 | D:4      | Reached skill level 7 in Unarmed Combat
  3340 | D:4      | Noticed Natasha
  3348 | D:4      | Killed Natasha
  3378 | D:4      | Killed Crazy Yiuf
  3852 | D:4      | Noticed Natasha
  3863 | D:4      | Killed Natasha
  3889 | D:5      | Entered Level 5 of the Dungeon
  3940 | D:5      | Found a staircase to the Ecumenical Temple.
  3949 | Temple   | Entered the Ecumenical Temple
  3955 | Temple   | Became a worshipper of the Wu Jian Council
  4100 | D:5      | Noticed Sigmund
  4104 | D:5      | Killed Sigmund
  4105 | D:5      | Reached skill level 5 in Fighting
  4123 | D:5      | Reached skill level 8 in Unarmed Combat
  4265 | D:5      | Noticed Blork the orc
  4283 | D:5      | Killed Blork the orc
  5139 | D:6      | Reached XP level 9. HP: 88/88 MP: 8/8
  5188 | D:6      | Found a glowing drain.
  5196 | D:6      | Reached * piety under Wu Jian
  5200 | Sewer    | Entered a sewer
  5584 | D:6      | Found a radiant altar of Vehumet.
  5590 | D:6      | Found an opulent altar of Gozag.
  5590 | D:6      | Found an iron altar of Okawaru.
  5597 | D:6      | Found a sparkling altar of Nemelex Xobeh.
  5600 | D:6      | Found an ancient bone altar of Kikubaaqudgha.
  5917 | D:6      | Reached ** piety under Wu Jian
  5918 | D:6      | Reached skill level 9 in Unarmed Combat
  6407 | D:2      | Bought a fuming ruby potion for 25 gold pieces
  6922 | D:7      | Noticed Prince Ribbit
  6939 | D:7      | Killed Prince Ribbit
  7120 | D:7      | HP: 1/89 [orc warrior/+0 halberd (15)]
  7123 | D:7      | Shot with an arrow by a centaur

Illustrated notes

Levels and vault maps discovered:
D:1:      saegor_arrival_simple_e, layout_loops_ring, serial_shops,
          nicolae_shop_hallway_stairs, nicolae_shop_trees
D:2:      minmay_chambers_of_twos, layout_basic, serial_shops, shop,
          nicolae_ecumenical_pavilion, minmay_misc_feat_roman,
          kennysheep_cross_bottleneck, serial_bayou_lagoon_b
D:3:      layout_basic, mainiacjoe_overflow_cross_hatched,
          minmay_misc_feat_room, hangedman_decor_lopped,
          minmay_misc_feat_rugged, minmay_diced_spiral
D:4:      minmay_wonky_spiral, layout_loops_corners, hangedman_glass_teeth,
          uniq_grinder, uniq_natasha, uniq_crazy_yiuf_cottage, uniq_duvessa
D:5:      layout_layer_cave, minmay_temple_entry_trees, uniq_sigmund,
          uniq_blork_the_orc
D:6:      layout_basic, minmay_overflow_temple_star_hex, portal_sewer_entry_f
D:7:      layout_loops_ring, minmay_joined_circles, uniq_prince_ribbit1
Temple:   eino_narrow_crystal_temple

Skill      XL: |  1  2  3  4  5  6  7  8  9 |
---------------+----------------------------+-----
Shields        | 3 4 5 6 |  6.8
Unarmed Combat | 3 4 5 6 8 9 |  9.9
Fighting       | 3 4 5 6 |  6.2
Dodging        | 3 |  3.7

Action                     |  1- 3 |  4- 6 |  7- 9 || total
---------------------------+-------+-------+-------++-------
  Melee: Unarmed           |   112 |   104 |   371 ||   587
  Throw: Throwing net      |       |       |     3 ||     3
Ability: Lunge             |       |       |    32 ||    32
         Whirlwind         |       |       |     1 ||     1
         Wall Jump         |       |       |     1 ||     1
    Use: Scroll            |       |     6 |     6 ||    12
         Potion            |       |     1 |     4 ||     5
   Stab: Sleeping          |       |       |     4 ||     4
 Armour: Robe              |    21 |    24 |    80 ||   125
  Dodge: Dodged            |    32 |    27 |    63 ||   122
  Block: Kite shield       |    38 |    36 |   111 ||   185

Table legend: (Time is in decaauts)
 A = Elapsed time spent in this place.
 B = Non-inter-level travel time spent in this place.
 C = Inter-level travel time spent in this place.
 D = Time resting spent in this place.
 E = Time spent auto-exploring this place.
 F = Levels seen in this place.
 G = Mean time per level.
                   A        B        C        D        E       F      G
               +--------+--------+--------+--------+--------+-----+--------+
         Total |   7131 |   6319 |    812 |      0 |   4964 |   9 |  792.3 |
       Dungeon |   6811 |   6004 |    807 |      0 |   4766 |   7 |  973.0 |
        Temple |     12 |      7 |      5 |      0 |      0 |   1 |   12.0 |
         Sewer |    307 |    307 |      0 |      0 |    198 |   1 |  307.0 |
               +--------+--------+--------+--------+--------+-----+--------+

Top non-repeatable levels by time:
     D:4: 1676 daAuts
     D:5: 1113 daAuts
     D:6: 840 daAuts
     D:2: 837 daAuts
     D:7: 814 daAuts
     D:3: 767 daAuts
     D:1: 763 daAuts
   Sewer: 307 daAuts
  Temple: 12 daAuts
